PCL
SAN JOSE MISSIONS @ WALLA WALLA ALL-STARS
09/19/2023
 
TOP OF THE 1ST
San Jose Missions batting - Pitching for Walla Walla All-Stars : LHP Pedro Torres
Pitching: LHP Pedro Torres
Batting: RHB Greg Ball 0-0: Foul Ball, location: 2F
0-1: Ball
1-1: Called Strike
1-2: Strikes out looking
Batting: LHB Raúl García 0-0: Ball
1-0: Ground out 4-3 (Groundball, 4)
Batting: RHB Ed Starr 0-0: Ball
1-0: Ball
2-0: Called Strike
2-1: Swinging Strike
2-2: Strikes out swinging
Top of the 1st over - 0 run(s), 0 hit(s), 0 error(s), 0 left on base; San Jose 0 - Walla Walla 0
BOTTOM OF THE 1ST
Walla Walla All-Stars batting - Pitching for San Jose Missions : LHP Ron Seccombe
Pitching: LHP Ron Seccombe
Batting: LHB Mike Young 0-0: Ball
1-0: Ball
2-0: Foul Ball, location: 2F
2-1: Ball
3-1: SINGLE (Groundball, 6D)
Batting: RHB Daniel Guerrero 0-0: Ball
1-0: Called Strike
1-1: Ball
2-1: Called Strike
2-2: Ball
3-2: Fly out, F8 (Flyball, 8LS)
Batting: RHB Lorenzo Morín 0-0: Ball
1-0: Ball
2-0: DOUBLE (Flyball, 8LXD)
Mike Young to third
Runner from 3rd tries for Home, SAFE, no throw or cutoff
Batting: RHB Claudio Guerra 0-0: Ball
1-0: Swinging Strike
1-1: Called Strike
1-2: Foul Ball, location: 2F
1-2: Foul Ball, location: 2F
1-2: Ground out 6-3 (Groundball, 56)
Batting: SHB Clinton Watson 0-0: Swinging Strike
0-1: Ball
1-1: Ground out 5-3 (Groundball, 56)
Bottom of the 1st over - 1 run(s), 2 hit(s), 0 error(s), 1 left on base; San Jose 0 - Walla Walla 1
TOP OF THE 2ND
San Jose Missions batting - Pitching for Walla Walla All-Stars : LHP Pedro Torres
Batting: RHB Chang-geun Kim 0-0: DOUBLE (Line Drive, 8LD)
Batting: LHB Miguel Montés 0-0: Ball
1-0: SINGLE (Line Drive, 6MD)
Chang-geun Kim to third
Batting: LHB Mel Jones 0-0: Ball
1-0: Ball
2-0: Ball
3-0: Foul Ball, location: 2F
3-1: Called Strike
3-2: Strikes out swinging
Batting: RHB Mike Gordon 0-0: DOUBLE (Flyball, 78D)
Chang-geun Kim scores
Miguel Montés to third
Runner from 3rd tries for Home, throw and OUT!
Runner from 2nd tries for 3rd, throw and OUT! Double Play!
Top of the 2nd over - 1 run(s), 3 hit(s), 0 error(s), 0 left on base; San Jose 1 - Walla Walla 1
BOTTOM OF THE 2ND
Walla Walla All-Stars batting - Pitching for San Jose Missions : LHP Ron Seccombe
Batting: RHB Pablo Lucero 0-0: Ball
1-0: Called Strike
1-1: Ball
2-1: SINGLE (Line Drive, 8LS)
Batting: RHB Pablo Castillo 0-0: Ball
1-0: Ball
2-0: Fly out, F5 (Line Drive, 5)
Batting: RHB Santiago Vallés 0-0: Called Strike
0-1: Grounds into double play, 5-4-3 (Groundball, 56)
Bottom of the 2nd over - 0 run(s), 1 hit(s), 0 error(s), 0 left on base; San Jose 1 - Walla Walla 1
TOP OF THE 3RD
San Jose Missions batting - Pitching for Walla Walla All-Stars : LHP Pedro Torres
Batting: RHB Goro Tanabe 0-0: Called Strike
0-1: Ball
1-1: Foul Ball, location: 2F
1-2: Ball
2-2: Ball
3-2: Foul Ball, location: 2F
3-2: SINGLE (Flyball, 8LS)
Batting: RHB Josh Powell 0-0: Ball
1-0: Called Strike
1-1: Foul Ball, location: 2F
1-2: Strikes out swinging
Batting: RHB Greg Ball 0-0: Ball
1-0: Foul Ball, location: 2F
1-1: Ball
2-1: Foul Ball, location: 2F
2-2: Strikes out looking
Goro Tanabe steals 2nd base
Batter strikes out.
Batting: LHB Raúl García 0-0: Ball
1-0: Foul Ball, location: 2F
1-1: Ground out U3 (Groundball, 3)
Top of the 3rd over - 0 run(s), 1 hit(s), 0 error(s), 1 left on base; San Jose 1 - Walla Walla 1
BOTTOM OF THE 3RD
Walla Walla All-Stars batting - Pitching for San Jose Missions : LHP Ron Seccombe
Batting: LHB Bob Martin 0-0: Ball
1-0: Fly out, F6 (Line Drive, 6)
Batting: LHB Mike Young 0-0: Ball
1-0: Ball
2-0: Called Strike
2-1: Called Strike
2-2: Foul Ball, location: 2F
2-2: Ball
3-2: Base on Balls
Batting: RHB Daniel Guerrero 0-0: Ball
1-0: Called Strike
1-1: Ball
2-1: Fly out, F8 (Flyball, 8LS)
Batting: RHB Lorenzo Morín 0-0: Called Strike
Mike Young steals 2nd base
0-1: Ball
1-1: Foul Ball, location: 2F
1-2: Ground out 6-3 (Groundball, 6)
Bottom of the 3rd over - 0 run(s), 0 hit(s), 0 error(s), 1 left on base; San Jose 1 - Walla Walla 1
TOP OF THE 4TH
San Jose Missions batting - Pitching for Walla Walla All-Stars : LHP Pedro Torres
Batting: RHB Ed Starr 0-0: Foul Ball, location: 2F
0-1: Ball
1-1: Foul Ball, location: 2F
1-2: Fly out, F7 (Flyball, 78M)
Batting: RHB Chang-geun Kim 0-0: Ball
1-0: Fly out, F3 (Popup, 4MS)
Batting: LHB Miguel Montés 0-0: Fly out, F8 (Flyball, 8LXD)
Top of the 4th over - 0 run(s), 0 hit(s), 0 error(s), 0 left on base; San Jose 1 - Walla Walla 1
BOTTOM OF THE 4TH
Walla Walla All-Stars batting - Pitching for San Jose Missions : LHP Ron Seccombe
Batting: RHB Claudio Guerra 0-0: Ball
1-0: SOLO HOME RUN (Flyball, 7D), Distance : 373 ft
Batting: SHB Clinton Watson 0-0: Ball
1-0: Ground out 4-3 (Groundball, 4M)
Batting: RHB Pablo Lucero 0-0: Ball
1-0: Ball
2-0: Called Strike
2-1: Ground out 5-3 (Groundball, 5)
Batting: RHB Pablo Castillo 0-0: Called Strike
0-1: Ball
1-1: Ball
2-1: Fly out, F7 (Flyball, 7M)
Bottom of the 4th over - 1 run(s), 1 hit(s), 0 error(s), 0 left on base; San Jose 1 - Walla Walla 2
TOP OF THE 5TH
San Jose Missions batting - Pitching for Walla Walla All-Stars : LHP Pedro Torres
Batting: LHB Mel Jones 0-0: Ground out 5-3 (Groundball, 56S)
Batting: RHB Mike Gordon 0-0: Called Strike
0-1: Ball
1-1: Foul Ball, location: 2F
1-2: Strikes out swinging
Batting: RHB Goro Tanabe 0-0: Fly out, F9 (Flyball, 9M)
Top of the 5th over - 0 run(s), 0 hit(s), 0 error(s), 0 left on base; San Jose 1 - Walla Walla 2
BOTTOM OF THE 5TH
Walla Walla All-Stars batting - Pitching for San Jose Missions : LHP Ron Seccombe
Batting: RHB Santiago Vallés 0-0: Ball
1-0: Fly out, F8 (Flyball, 8RXD)
Batting: LHB Bob Martin 0-0: Called Strike
0-1: Ball
1-1: Fly out, F7 (Line Drive, 78D)
Batting: LHB Mike Young 0-0: Swinging Strike
0-1: Ground out 6-3 (Groundball, 6)
Bottom of the 5th over - 0 run(s), 0 hit(s), 0 error(s), 0 left on base; San Jose 1 - Walla Walla 2
TOP OF THE 6TH
San Jose Missions batting - Pitching for Walla Walla All-Stars : LHP Pedro Torres
Batting: RHB Josh Powell 0-0: Ball
1-0: Reached on error, E5 (Groundball, 5)
Batting: RHB Greg Ball 0-0: Swinging Strike
0-1: Ball
1-1: Called Strike
1-2: Ground out 5-3 (Groundball, 5L)
Batting: LHB Raúl García 0-0: Swinging Strike
0-1: Ball
1-1: Ball
2-1: Ball
3-1: Foul Ball, location: 2F
3-2: Foul Ball, location: 2F
3-2: Foul Ball, location: 2F
3-2: Foul Ball, location: 2F
3-2: Fly out, F6 (Popup, 6D)
Batting: RHB Ed Starr 0-0: SINGLE (Groundball, 56)
Josh Powell to third
Runner from 3rd tries for Home, SAFE, throw made home
Ed Starr to second
Batting: RHB Chang-geun Kim 0-0: Ball
1-0: DOUBLE (Line Drive, 78D)
Ed Starr scores
Batting: LHB Miguel Montés 0-0: Swinging Strike
0-1: Foul Ball, location: 2F
0-2: Ball
1-2: Foul Ball, location: 2F
1-2: Ball
2-2: Strikes out swinging
Top of the 6th over - 2 run(s), 2 hit(s), 1 error(s), 1 left on base; San Jose 3 - Walla Walla 2
BOTTOM OF THE 6TH
Walla Walla All-Stars batting - Pitching for San Jose Missions : LHP Ron Seccombe
Batting: RHB Daniel Guerrero 0-0: Ball
1-0: Called Strike
1-1: Called Strike
1-2: Foul Ball, location: 2F
1-2: Ball
2-2: Foul Ball, location: 2F
2-2: Ball
3-2: Ground out 5-3 (Groundball, 56)
Batting: RHB Lorenzo Morín 0-0: SINGLE (Line Drive, 7LS)
Batting: RHB Claudio Guerra 0-0: SINGLE (Line Drive, 9LS)
Lorenzo Morín to second
Batting: SHB Clinton Watson 0-0: Called Strike
0-1: Ball
1-1: Called Strike
1-2: Foul Ball, location: 2F
1-2: Ball
2-2: Ball
3-2: Foul Ball, location: 2F
3-2: SINGLE (Groundball, 56D)
Lorenzo Morín to third
Claudio Guerra to second
Batting: RHB Pablo Lucero 0-0: Ball
1-0: Ball
2-0: Called Strike
2-1: Foul Ball, location: 2F
2-2: Strikes out swinging
Batting: RHB Pablo Castillo 0-0: Foul Ball, location: 2F
0-1: Ball
1-1: Foul Ball, location: 2F
1-2: Ball
2-2: Ball
3-2: Fly out, F7 (Flyball, 7M)
Bottom of the 6th over - 0 run(s), 3 hit(s), 0 error(s), 3 left on base; San Jose 3 - Walla Walla 2
TOP OF THE 7TH
San Jose Missions batting - Pitching for Walla Walla All-Stars : LHP Pedro Torres
Batting: LHB Mel Jones 0-0: Ball
1-0: Ground out 6-3 (Groundball, 6M)
Batting: RHB Mike Gordon 0-0: Foul Ball, location: 2F
0-1: Ball
1-1: Ball
2-1: Swinging Strike
2-2: Strikes out swinging
Batting: RHB Goro Tanabe 0-0: SINGLE (Groundball, 13) (infield hit)
Batting: RHB Josh Powell 0-0: DOUBLE (Groundball, 5L)
Goro Tanabe to third
Pinch Hitting: RHB Joe Broadhead 0-0: Ball
1-0: Called Strike
1-1: SINGLE (Groundball, 5L)
Goro Tanabe scores
Josh Powell to third
Runner from 3rd tries for Home, SAFE, no throw or cutoff
Batting: LHB Raúl García 0-0: Ball
1-0: Ground out 4-3 (Groundball, 34)
Top of the 7th over - 2 run(s), 3 hit(s), 0 error(s), 1 left on base; San Jose 5 - Walla Walla 2
BOTTOM OF THE 7TH
Walla Walla All-Stars batting - Pitching for San Jose Missions : LHP Ron Seccombe
Now in CF: Aurelio Dispina
Batting: RHB Santiago Vallés 0-0: Ground out 4-3 (Groundball, 4)
Batting: LHB Bob Martin 0-0: Ball
1-0: Fly out, F6 (Popup, 6MS)
Batting: LHB Mike Young 0-0: Ball
1-0: Foul Ball, location: 2F
1-1: Ball
2-1: Fly out, F7 (Flyball, 78M)
Bottom of the 7th over - 0 run(s), 0 hit(s), 0 error(s), 0 left on base; San Jose 5 - Walla Walla 2
TOP OF THE 8TH
San Jose Missions batting - Pitching for Walla Walla All-Stars : LHP Pedro Torres
Batting: RHB Ed Starr 0-0: Ball
1-0: Ball
2-0: Foul Ball, location: 2F
2-1: Foul Ball, location: 2F
2-2: Foul Ball, location: 2F
2-2: Foul Ball, location: 2F
2-2: Foul Ball, location: 2F
2-2: Strikes out looking
Batting: RHB Chang-geun Kim 0-0: Called Strike
0-1: Ball
1-1: DOUBLE (Line Drive, 8RD)
Pitching: LHP Edgardo Guzmán
Pinch Runner at 2nd Madidou El Sayed:
Batting: LHB Miguel Montés 0-0: Ball
1-0: Called Strike
1-1: Foul Ball, location: 2F
1-2: Strikes out swinging
Batting: LHB Mel Jones 0-0: Hit by Pitch
Batting: RHB Mike Gordon 0-0: Called Strike
0-1: Ball
1-1: Swinging Strike
1-2: Ball
2-2: Strikes out swinging
Top of the 8th over - 0 run(s), 1 hit(s), 0 error(s), 2 left on base; San Jose 5 - Walla Walla 2
BOTTOM OF THE 8TH
Walla Walla All-Stars batting - Pitching for San Jose Missions : LHP Ron Seccombe
Now at 1B: Jim Brown
Now in LF: Madidou El Sayed
Batting: RHB Daniel Guerrero 0-0: Ball
1-0: Fly out, F6 (Popup, 5)
Batting: RHB Lorenzo Morín 0-0: Ball
1-0: SOLO HOME RUN (Flyball, 7D), Distance : 392 ft
Batting: RHB Claudio Guerra 0-0: Ball
1-0: Swinging Strike
1-1: Foul Ball, location: 2F
1-2: SINGLE (Groundball, 56D)
Batting: SHB Clinton Watson 0-0: Called Strike
0-1: DOUBLE (Flyball, 8RM)
Claudio Guerra to third
Batting: RHB Pablo Lucero 0-0: Ball
1-0: Called Strike
1-1: Foul Ball, location: 2F
1-2: Ball
2-2: Ball
3-2: Ground out 5-3 (Groundball, 56)
Claudio Guerra scores
Pinch Hitting: RHB Luke McIndoe 0-0: Foul Ball, location: 2F
0-1: Ball
1-1: Ball
2-1: Ball
3-1: Base on Balls
Batting: RHB Santiago Vallés 0-0: Ball
1-0: Ball
2-0: Called Strike
2-1: DOUBLE (Line Drive, 7LM)
Clinton Watson scores
Luke McIndoe to third
Runner from 3rd tries for Home, SAFE, throw made at trailing runner, SAFE at third!
Pitching: RHP Gabriel Moore
Batting: LHB Bob Martin 0-0: DOUBLE (Groundball, 3D)
Santiago Vallés scores
Batting: LHB Mike Young 0-0: Called Strike
0-1: Ball
1-1: Foul Ball, location: 2F
1-2: Fly out, F7 (Flyball, 7S)
Bottom of the 8th over - 5 run(s), 5 hit(s), 0 error(s), 1 left on base; San Jose 5 - Walla Walla 7
TOP OF THE 9TH
San Jose Missions batting - Pitching for Walla Walla All-Stars : LHP Edgardo Guzmán
Pitching: LHP Pepe Caro
Now at 1B: Jeff Thompson
Now at 3B: Vicente Martínez
Batting: RHB Goro Tanabe 0-0: Ground out 6-3 (Groundball, 6M)
Batting: RHB Josh Powell 0-0: Called Strike
0-1: Called Strike
0-2: Ball
1-2: Foul Ball, location: 2F
1-2: Foul Ball, location: 2F
1-2: Strikes out swinging
Batting: LHB Aurelio Dispina 0-0: Foul Ball, location: 2F
0-1: SINGLE (Line Drive, 4)
Batting: LHB Raúl García 0-0: Foul Ball, location: 2F
Balk!
Aurelio Dispina to second
0-1: Foul Ball, location: 2F
0-2: Strikes out looking
Top of the 9th over - 0 run(s), 1 hit(s), 0 error(s), 1 left on base; San Jose 5 - Walla Walla 7
This league is powered by Out of the Park Baseball, the baseball management simulation game for PC, Mac and Linux
Wednesday, December 2nd, 2015 - OOTP Baseball 16.8 Build 38